 Dungeon Crawl Stone Soup version 0.32-a0-867-g107c310 (webtiles) character file.

Game seed: 8081517232511891420

71 Dorkslayer the Trooper (level 4, -1/31 HPs)
             Began as an Octopode Fighter on Mar 28, 2024.
             Slain by a gnoll
             ... wielding a +0 spear
              (6 damage)
             ... on level 2 of the Dungeon.
             The game lasted 00:02:52 (1358 turns).

Dorkslayer the Trooper (Octopode Fighter)           Turns: 1358, Time: 00:02:53

Health: -1/31      AC:  1    Str: 17    XL:     4   Next: 24%
Magic:  4/4        EV: 12    Int: 10    God:
Gold:   1109       SH:  4    Dex: 11    Spells: 3/3 levels left

rFire   . . .        f - +0 war axe (heavy)
rCold   . . .        b - +0 buckler
rNeg    . . .        (helmet restricted)
rPois   .            (no amulet)
rElec   .            k - ring of flight
rCorr   .            (no ring)
SInv    .            (no ring)
Will    .....        (no ring)
Stlth   +++          (no ring)
HPRegen 0.25/turn    (no ring)
MPRegen 0.09/turn    (no ring)
                     (no ring)

%: no passive effects
@: flying
A: almost no armour, amphibious, 8 rings, camouflage 1, gelatinous body 1,
(nimble swimmer 1), tentacles
a: no special abilities


You were on level 2 of the Dungeon.
You visited 1 branch of the dungeon, and saw 2 of its levels.

You collected 1109 gold pieces.

Inventory:

Hand Weapons
 a - a +0 war axe
 f - a +0 heavy war axe (weapon)
Armour
 b - a +0 buckler (worn)
Jewellery
 k - a ring of flight (left tentacle)
Talismans
 d - a serpent talisman
Scrolls
 g - a scroll of poison
Potions
 c - a potion of might
 e - a potion of haste {unknown}
 h - a potion of curing {unknown}
 i - a potion of heal wounds


   Skills:
 + Level 3.4 Fighting
 + Level 2.8 Axes
 + Level 3.3 Dodging
 + Level 1.5 Stealth
 + Level 3.3 Shields
 * Level 0.5 Shapeshifting


You had 3 spell levels left.
You didn't know any spells.
Your spell library contained the following spells:

 Spells                   Type           Power      Damage    Failure   Level
 Tukima's Dance           Hex            0%         N/A       82%         3
 Passage of Golubria      Tloc           0%         N/A       99%         4
 Yara's Violent Unravell  Hex/Alch       0%         3d3       100%        5


Dungeon Overview and Level Annotations

Branches:
Dungeon (2/15)

Altars:


Innate Abilities, Weirdness & Mutations

You cannot wear most types of armour.
You are amphibious.
You can wear up to eight rings at the same time.
Your skin changes colour to match your surroundings (Stealth+).
Your rubbery body absorbs attacks. (AC +1, EV +1)
((You are camouflaged when in or above water. (Stealth+)))
You have tentacles for arms and can constrict up to eight enemies at once.


Message History

A giant cockroach comes into view.
An adder comes into view.
You reach down and open the door.
A bat comes into view.
Found a stone.
You hit the giant cockroach. You grab the giant cockroach.
The giant cockroach is severely wounded.
You constrict the giant cockroach.
You kill the giant cockroach!
You see here a giant cockroach corpse.
The adder hisses angrily.
You closely miss the adder. Your grab misses the adder.
Your squeeze misses the adder. The adder barely misses you.
The adder misses you.
You slash the adder! Your grab misses the adder.
The adder is severely wounded.
The adder bites you. x3
You slice the adder!!
You kill the adder!
You have reached level 4!
You reach down and open the door.
There is an open door here. 2 gnolls come into view.
The gnoll shouts! x2; You hear a shout!
A gnoll comes into view. It is wielding a +0 spear.
The gnoll hits you with a +0 spear.
The gnoll moves out of view.
You hit the gnoll. Your grab misses the gnoll. You squeeze the gnoll.
The gnoll is severely wounded.
A gnoll comes into view. It is wielding a +0 spear.
The gnoll hits you with a +0 spear. The gnoll barely misses you.
The gnoll hits you from afar with a +0 spear.
The gnoll hits you from afar with a +0 spear!
You hit the gnoll. You grab the gnoll. You squeeze the gnoll.
You kill the gnoll!
You block the gnoll's attack.
The gnoll hits you from afar with a +0 spear!
* * * LOW HITPOINT WARNING * * *
The gnoll closely misses you. The gnoll completely misses you.
The gnoll hits you with a +0 spear.
You die...

#.....#.##.# #.#.# #.
#.....#.##.# #.#.# ###.
#.....#....# #.#.# #...
#.....###..## #?#.# #.#.
#.....# ##..# #.#.# #.#.
####.....####..### #.#.#
#.#. .........'.......#
#.#.# #.#.
###......#######.##
#.#.# #.#. # #...####
#@.##.###.#.# #.## #
#...#
#g....gg..........# #.#.
# #...#
#.........##..#...###.#.
# #...#
#.........###......##.#.
# #...# #.........#
#...>.....#. # #...#
########### #.#..#.####.
# #...# #.#..#.# #. #
##### #.#..#.# #. #
########## #.#..#.# #.


You could see 3 gnolls.

Vanquished Creatures
  A gnoll (D:2)
  An adder (D:2)
  2 dart slugs
  A ribbon worm (D:2)
  3 ball pythons (D:1)
  4 bats
  6 endoplasms
  4 giant cockroaches
  3 goblins
  5 hobgoblins
  4 jackals (D:1)
  2 kobolds (D:1)
  A quokka (D:2)
  2 frilled lizards
  2 rats (D:1)
41 creatures vanquished.

Notes
Turn   | Place    | Note
-------+----------+-------------------------------------------
     0 | D:1      | Dorkslayer the Octopode Fighter began the quest for the
                  | Orb.
     0 | D:1      | Reached XP level 1. HP: 16/16 MP: 1/1
    73 | D:1      | Reached XP level 2. HP: 21/21 MP: 2/2
   170 | D:1      | Found a faded altar of an unknown god.
   399 | D:1      | Reached XP level 3. HP: 22/26 MP: 3/3
  1138 | D:2      | Identified a scroll of acquirement
  1138 | D:2      | Acquired 1046 gold pieces
  1264 | D:2      | Reached skill level 1 in Stealth
  1303 | D:2      | Reached XP level 4. HP: 24/31 MP: 4/4
  1358 | D:2      | Slain by a gnoll

Illustrated notes

Levels and vault maps discovered:
D:1:      mrwooster_arrival_arrow, layout_loops_ring,
          shapermc_ecumenical_altar_acropolis
D:2:      minmay_chambers_of_ones, layout_basic, minmay_misc_feat_nine_boxes

Skill      XL: |  1  2  3 |
---------------+----------+-----
Stealth        | 1 |  1.5
Fighting       | |  3.4
Axes           | |  2.8
Dodging        | |  3.3
Shields        | |  3.3
Shapeshifting  | |  0.5

Action                     |  1- 3 |  4- 6 || total
---------------------------+-------+-------++-------
  Melee: War axe           |    62 |     2 ||    64
         Constrict         |    17 |     1 ||    18
         Tentacles         |     6 |     2 ||     8
    Use: Scroll            |     7 |       ||     7
   Stab: Sleeping          |     5 |       ||     5
 Armour: Skin              |    24 |     6 ||    30
  Dodge: Dodged            |    42 |     3 ||    45
  Block: Buckler           |    13 |     1 ||    14

Table legend: (Time is in decaauts)
 A = Elapsed time spent in this place.
 B = Non-inter-level travel time spent in this place.
 C = Inter-level travel time spent in this place.
 D = Time resting spent in this place.
 E = Time spent auto-exploring this place.
 F = Levels seen in this place.
 G = Mean time per level.
                   A        B        C        D        E       F      G
               +--------+--------+--------+--------+--------+-----+--------+
         Total |   1411 |   1411 |      0 |      0 |    898 |   2 |  705.5 |
       Dungeon |   1411 |   1411 |      0 |      0 |    898 |   2 |  705.5 |
               +--------+--------+--------+--------+--------+-----+--------+

Top non-repeatable levels by time:
     D:1: 733 daAuts
     D:2: 677 daAuts
